 Dungeon Crawl Stone Soup version 0.16-a0-2038-g968ce0a (webtiles) character file.

73 thegroundistoosoft the Insei (level 4, -3/35 HPs)
             Began as a Mummy Monk on Nov 11, 2014.
             Slain by an adder (5 damage)
             ... on level 2 of the Dungeon.
             The game lasted 00:10:24 (4533 turns).

thegroundistoosoft the Insei (Mummy Monk)           Turns: 4533, Time: 00:10:25

Health: -3/35      AC:  0    Str: 15    XL:     4   Next: 8%
Magic:  4/4        EV: 13    Int:  9    God:
Gold:   91         SH:  0    Dex: 15    Spells: 0 memorised, 3 levels left

rFire  x . .     SeeInvis .       - Unarmed
rCold  + . .     Clarity  .     (no armour)
rNeg   + + +     SustAb   .     (no shield)
rPois  +         Gourm    .     (no helmet)
rElec  .         Spirit   .     (no cloak)
rCorr  .         Warding  .     (no gloves)
rMut   .         Stasis   .     (no boots)
MR     .....                    b - amulet of inaccuracy (curse)
Stlth  ++........               (no ring)
                                c - +1 ring of strength

@: not resistant to hostile enchantments, unstealthy
A: no food or potions, fire vulnerability, restore body, cold resistance 1,
negative energy resistance 3, poison resistance, torment resistance, unbreathing
a: no special abilities


You were on level 2 of the Dungeon.
You were not hungry.

You visited 1 branch of the dungeon, and saw 2 of its levels.

You collected 91 gold pieces.


Innate Abilities, Weirdness & Mutations

You do not eat or drink.
Your flesh is vulnerable to fire.
Your flesh is cold resistant.
You are immune to negative energy.
Your system is resistant to poisons.
You are immune to unholy pain and torment.
You can survive without breathing.


   Skills:
 - Level 3.3 Fighting
 - Level 2.5 Dodging
 - Level 1.5 Stealth
 + Level 4.4 Unarmed Combat


You had 3 spell levels left.
You didn't know any spells.

Inventory:

Jewellery
 b - a cursed amulet of inaccuracy (around neck)
 c - a +1 ring of strength (left hand)

Dungeon Overview and Level Annotations

Branches:
Dungeon (2/15)

Altars:
Gozag
Kikubaaqudgha

Annotations:
D:2 !he's got a scmail idiot, Jessica, Terence

###### #....# ?. . ##.##+##
#.##.# #..#...### ##...#..#
##(.'.8...###...8....
#..##.............#..
#(#####....S....# #.. #.#
###.bl@.### #.# #.#####
##(8.## ###.####
#####.....###.....###......#
#.....#####....<....###.##.#
†#.######............)#.##.#
#######.'.8...###...8...##.#
[....##.#...#######...####.##
....8##.##'## #.###'## #..#
.....#..#...# #.###.# ##.#


You could see an adder, a bat and a giant newt.


Message History

The bat hits you.
* * * LOW HITPOINT WARNING * * *
The giant newt closely misses you. The bat hits you.
* * * LOW HITPOINT WARNING * * *
You closely miss the adder. Your punch misses the adder.
The adder is heavily wounded.
The bat misses you.
The giant newt hisses menacingly.
The giant newt barely misses you. The adder misses you.
You barely miss the adder.
The adder is heavily wounded.
The giant newt bites you.
* * * LOW HITPOINT WARNING * * *
The adder barely misses you.
You hit the adder.
The adder is severely wounded.
The adder barely misses you. The giant newt misses you.
You miss the adder.
The adder is severely wounded.
The adder barely misses you. The giant newt closely misses you.
You closely miss the adder.
The adder is severely wounded.
The adder barely misses you. The giant newt bites you.
* * * LOW HITPOINT WARNING * * *
You closely miss the adder.
The adder is heavily wounded.
The adder bites you.
* * * LOW HITPOINT WARNING * * *
The giant newt barely misses you. The adder bites you.
You die...

Action                   |  1- 3 |  4- 6 || total
-------------------------+-------+-------++-------
Melee: Unarmed           |   249 |    35 ||   284
  Use: Scroll            |     5 |       ||     5
 Stab: Sleeping          |     1 |       ||     1

Vault maps used:
D:1:      minmay_arrival_stone_box
D:2:      kennysheep_the_goblin_king, lemuel_crystal_altar,
          grunt_gozag_breadcrumbs, grunt_ministairs_13, uniq_jessica, uniq_iyjb,
          uniq_terence

Notes
Turn   | Place    | Note
--------------------------------------------------------------
     0 | D:1      | thegroundistoosoft, the Mummy Monk, began the quest for the Orb.
     0 | D:1      | Reached XP level 1. HP: 18/18 MP: 1/1
   310 | D:1      | never again
   614 | D:1      | WOKE UP THIS MORNING
   614 | D:1      | AND GOT MYSELF A GUN
   881 | D:1      | HP: 1/18 [ooze (4)]
  1083 | D:1      | Reached XP level 2. HP: 14/24 MP: 2/2
  1184 | D:1      | thegroundistoosoft: fffff
  1883 | D:2      | Noticed Terence
  2579 | D:2      | Noticed Jessica
  2613 | D:2      | Reached XP level 3. HP: 12/29 MP: 3/3
  2614 | D:2      | INACCURATE FISTS 1
  2614 | D:2      | ADDER DED
  2979 | D:2      | Found an ancient bone altar of Kikubaaqudgha.
  3014 | D:2      | Found an opulent altar of Gozag.
  3076 | D:2      | Reached skill level 4 in Unarmed Combat
  3229 | D:2      | Noticed Ijyb
  3743 | D:2      | Killed Ijyb
  3918 | D:2      | HP: 1/29 [worm (9)]
  4257 | D:2      | Reached XP level 4. HP: 35/35 MP: 4/4
  4258 | D:2      | :(
  4526 | D:2      | GOT A BLUE MOON IN MY EYES
  4532 | D:2      | HP: 3/35 [giant newt (2)]
  4533 | D:2      | Slain by an adder

Vanquished Creatures
  Ijyb (D:2)
  An adder (D:2)
  A worm (D:2)
  3 oozes (D:1)
  6 bats
  10 goblins
  5 hobgoblins
  5 giant newts
  4 kobolds
  A rat (D:2)
37 creatures vanquished.
